 Dungeon Crawl Stone Soup version 0.30.0 (webtiles) character file.

Game seed: 4518726789521788104

320152 PiratePeteNZ the Eclecticist (level 20, -9/144 HPs)
             Began as a Grey Draconian Conjurer on Oct 26, 2023.
             Was a High Priest of Qazlal.
             Mangled by a rockslime (40 damage)
             ... on level 4 of the Pits of Slime on Oct 27, 2023.
             The game lasted 04:22:13 (47782 turns).

PiratePeteNZ the Eclecticist (DrCj)                Turns: 47782, Time: 04:22:14

Health: -9/144     AC:  9    Str: 11    XL:     20   Next: 61%
Magic:  24/36      EV: 20    Int: 29    God:    Qazlal [*****.]
Gold:   3561       SH:  7    Dex: 11    Spells: 3/52 levels left

rFire   + . .        b - staff of conjuration
rCold   + . .        Y - orb {light}
rNeg    . . .        (body armour unavailable)
rPois   .            (helmet restricted)
rElec   .            F - scarf {rC+ rF+}
rCorr   .            u - +2 pair of gloves
SInv    .            C - +2 pair of boots
Will    ++...        T - amulet of magic regeneration
Stlth   +            f - +5 ring of evasion
HPRegen 0.44/turn    V - ring of No Interval {*Slow +Blink Will+ Int+6}
MPRegen 0.65/turn

%: slow self (1%), repel missiles
@: corroded, flying, hasted and slowed, glowing, studying Invocations, unable to
read
A: AC +15, amphibious, unfitting armour, cold-blooded, big wings, dopey 1, low
MP 1, wild magic 2, inability to read after injury 2
}: 2/15 runes: serpentine, barnacled
a: Renounce Religion, Evoke Blink, Upheaval, Elemental Force, Disaster Area


You were on level 4 of the Pits of Slime.
You worshipped Qazlal.
Qazlal was extremely pleased with you.
You visited 7 branches of the dungeon, and saw 36 of its levels.
You also visited: Ice Cave.

You collected 3645 gold pieces.
You spent 84 gold pieces at shops.

Inventory:

Hand Weapons
 a - the +8 whip "Snakebite" {venom, curare, rPois}
   (You found it on level 2 of the Lair of Beasts)

   rPois:     It protects you from poison.
 Z - the +9 broad axe "Sofiher" {flame, rElec rPois Dex-4}
   (You found it in an ice cave)

   Dex:       It affects your dexterity (-4).
   rElec:     It insulates you from electricity.
   rPois:     It protects you from poison.
Armour
 u - a +2 pair of gloves (worn)
 C - a +2 pair of boots (worn)
 F - a scarf of resistance (worn)
 J - a scarf of invisibility
 Y - an orb of light (worn)
Magical Staves
 b - a staff of conjuration (weapon)
 g - a staff of poison
 Q - a staff of cold
 S - a staff of fire
Jewellery
 c - a ring of wizardry
 f - a +5 ring of evasion (left hand)
 h - the ring "Vesups" {Fire Fly rN+ Will-}
   (You found it on level 3 of the Snake Pit)

   [ring of fire]

   It enhances your fire magic.
   rF:        It protects you from fire.
   rC:        It makes you vulnerable to cold.
   rN:        It protects you from negative energy.
   Fly:       It grants you flight.
   Will:      It decreases your willpower.
 l - a ring of ice
 p - an amulet of reflection
 T - an amulet of magic regeneration (around neck)
 V - the ring of No Interval (right hand) {*Slow +Blink Will+ Int+6}
   (You found it on level 5 of the Lair of Beasts)

   [ring of intelligence]

   Int:       It affects your intelligence (+6).
   +Blink:    It lets you blink.
   *Slow:     It may slow you when you take damage.
   Will:      It increases your willpower.
Wands
 s - a wand of flame (7)
 B - a wand of acid (17)
 E - a wand of roots (44)
 H - a wand of charming (34)
 P - a wand of digging (13)
Scrolls
 j - 6 scrolls of blinking
 k - 4 scrolls of fog
 o - a scroll of vulnerability
 t - 15 scrolls of teleportation
 x - 6 scrolls of fear
 D - 2 scrolls of poison
 G - 9 scrolls of amnesia
 N - 6 scrolls of magic mapping
 X - 6 scrolls of identify
Potions
 d - 3 potions of invisibility
 e - 9 potions of curing
 m - 4 potions of brilliance
 q - 3 potions of might
 r - 3 potions of magic
 w - 5 potions of berserk rage
 z - a potion of resistance
 A - 3 potions of haste
 L - 4 potions of ambrosia
 O - a potion of cancellation
 W - a potion of heal wounds
Miscellaneous
 i - a phial of floods
 n - a phantom mirror
 v - a piece from Xom's chessboard (15/15)
 y - a box of beasts
 I - a lightning rod (4/4)
 R - a condenser vane


   Skills:
 + Level 4.5 Fighting
 + Level 1.6 Short Blades
 + Level 4.9(6.1) Axes
 + Level 5.5(6.5) Maces & Flails
 + Level 1.1(3.6) Staves
 + Level 8.9 Dodging
 + Level 4.5 Stealth
 + Level 5.3 Shields
 + Level 16.7 Spellcasting
 + Level 16.1 Conjurations
 + Level 9.8 Hexes
 * Level 5.6 Summonings
 + Level 10.1 Translocations
 + Level 7.7 Ice Magic
 * Level 9.9 Air Magic
 + Level 4.6 Poison Magic
 + Level 14.9 Invocations
 * Level 8.2 Evocations


You had 3 spell levels left.
You knew the following spells:

 Your Spells              Type           Power      Damage    Failure   Level
a - Magic Dart            Conj           100%       1d8       1%          1
b - Searing Ray           Conj           100%       2d8       1%          2
c - Fulminant Prism       Conj/Hex       63%        3d26      1%          4
d - Iskenderun's Mystic   Conj/Tloc      100%       2d19      1%          4
e - Hailstorm             Conj/Ice       100%       3d20      1%          3
f - Tukima's Dance        Hex            92%        N/A       1%          3
g - Olgreb's Toxic Radia  Pois           70%        N/A       8%          4
h - Blink                 Tloc           100%       N/A       1%          2
i - Cause Fear            Hex            46%        N/A       1%          4
j - Chain Lightning       Conj/Air       63%        3d84      100%        9
k - Arcjolt               Conj/Air       63%        1d73      1%          5
l - Swiftness             Air            92%        N/A       1%          3
m - Summon Forest         Summ/Tloc      42%        N/A       6%          5

Your spell library contained the following spells:

 Spells                   Type           Power      Damage    Failure   Level
 Ensorcelled Hibernation  Hex/Ice        100%       N/A       1%          2
 Lesser Beckoning         Tloc           100%       N/A       1%          2
 Dazzling Flash           Conj/Hex       100%       N/A       1%          3
 Gell's Gravitas          Tloc           93%        N/A       1%          3
 Portal Projectile        Hex/Tloc       100%       N/A       1%          3
 Teleport Other           Tloc           93%        N/A       1%          3
 Vhi's Electric Charge    Tloc/Air       100%       N/A       1%          3
 Cigotuvi's Dreadful Rot  Necr/Pois/Air  100%       N/A       2%          2
 Beastly Appendage        Tmut           76%        N/A       6%          1
 Spider Form              Tmut/Pois      57%        N/A       7%          3
 Passwall                 Tmut/Erth      31%        N/A       8%          2
 Wereblood                Tmut           38%        N/A       8%          2
 Manifold Assault         Tloc           93%        N/A       1%          4
 Passage of Golubria      Tloc           93%        N/A       1%          4
 Silence                  Hex/Air        46%        N/A       3%          5
 Summon Mana Viper        Hex/Summ       84%        N/A       7%          5
 Anguish                  Hex/Necr       35%        N/A       8%          4
 Ice Form                 Ice/Tmut       66%        N/A       10%         4
 Dispersal                Tloc           46%        N/A       11%         6
 Yara's Violent Unravell  Hex/Tmut       35%        3d14      16%         5
 Animate Dead             Necr           38%        N/A       34%         4
 Dispel Undead            Necr           38%        3d16      34%         4
 Alistair's Intoxication  Tmut/Pois      38%        N/A       36%         5
 Summon Cactus Giant      Summ           37%        N/A       45%         6
 Enfeeble                 Hex            46%        N/A       45%         7
 Agony                    Necr           38%        N/A       63%         5
 Blade Hands              Tmut           19%        N/A       63%         5
 Borgnjor's Vile Clutch   Necr/Erth      19%        N/A       63%         5
 Simulacrum               Ice/Necr       33%        N/A       69%         6
 Eringya's Noxious Bog    Tmut/Pois      28%        N/A       86%         6
 Storm Form               Tmut/Air       35%        N/A       97%         7
 Discord                  Hex            46%        N/A       97%         8
 Maxwell's Capacitive Co  Air            46%        ∞         97%         8
 Death Channel            Necr           19%        N/A       99%         6
 Dragon Form              Tmut           19%        N/A       100%        7
 Haunt                    Necr/Summ      30%        N/A       100%        7
 Ignition                 Fire           19%        3d7       100%        8
 Infestation              Necr           19%        N/A       100%        8
 Dragon's Call            Summ           37%        N/A       100%        9
 Fire Storm               Conj/Fire      53%        8d14      100%        9
 Shatter                  Erth           19%        3d17*     100%        9


Dungeon Overview and Level Annotations

Branches:
Dungeon (15/15)            Temple (1/1) D:4            Lair (5/5) D:8
 Shoals (4/4) Lair:2        Snake (4/4) Lair:3        Slime (5/5) Lair:5
    Orc (2/2) D:12            Elf (0/3) Orc:2        Vaults (0/5) D:14
 Depths (0/4) D:15          IceCv (visited)

Altars:
Ashenzari
Cheibriados
Dithmenos
Elyvilon
Fedhas
Gozag
Hepliaklqana
Kikubaaqudgha
Makhleb
Nemelex Xobeh
Okawaru
Qazlal
Ru
Sif Muna
Trog
Uskayaw
Vehumet
Wu Jian
Xom
Yredelemnul
Zin
The Shining One
Jiyva

Shops:
D:3 !   D:4 *   D:12 *   Orc:2 [=*(   Shoals:4 *   Snake:4 (

Annotations:
D:8 1 transporter, BigFatTexta's ghost, novice GrFi
Slime:5 Royal Jelly


Innate Abilities, Weirdness & Mutations

Your dull iron-grey scales are very hard. (AC +15)
You are amphibious.
You cannot fit into any form of body armour.
You are cold-blooded and may be slowed by cold attacks.
Your large and strong wings let you fly.
You are dopey. (Int -2)
Your magical capacity is low. (-10% MP)
Your spells are harder to cast, but more powerful.
You sometimes lose the ability to read scrolls when taking damage.


Message History

The mystic blast hits the acid blob!
Flame seeps out of the acid blob.
The acid blob is lightly wounded.
The acid blob is knocked back by the mystic blast.
The mystic blast hits the rockslime but does no damage.
The rockslime is moderately wounded.
The mystic blast hits the rockslime.
Flame seeps out of the rockslime.
The rockslime is moderately wounded.
The rockslime is knocked back by the mystic blast.
The mystic blast hits the acid blob!!
Flame seeps out of the acid blob.
The acid blob is moderately wounded.
The acid blob is knocked back by the mystic blast.
The Royal Jelly shudders violently.
The Royal Jelly spits out three more jellies.
The acid blob spits acid at you. The splash of acid hits you!!
You feel threatened and lose the ability to read scrolls!
The acid blob spits acid at you. The splash of acid hits you!!
* * * LOW HITPOINT WARNING * * *
The rockslime misses you. The acid blob spits acid at you.
The splash of acid hits you!!
* * * LOW HITPOINT WARNING * * *
The acid corrodes you!
The quicksilver ooze is engulfed in blazing flames. x2
The quicksilver ooze misses you. The quicksilver ooze hits you.
* * * LOW HITPOINT WARNING * * *
You feel your power leaking away. You block the rockslime's attack.
The acid blob misses you. The acid blob spits acid at you.
The splash of acid is repelled.
The splash of acid hits the rockslime but does no damage.
You fly upwards.
There is a stone staircase leading down here.
You feel much better.
The quicksilver ooze is engulfed in blazing flames.
The quicksilver ooze closely misses you.
You block the quicksilver ooze's attack.
The rockslime hits you!!!
You die...

#..............##......#
##..............#......#
#.........#..........##
##....<..#..........##
##.......#..........###
##.....#.#.............##
#............°..........#
##.#......#.J°...#...#.##
###.##.....§J@J......####
##....#......☼........#
#...........#.§.......##
##..#.#................#
######...............##
#...#...........#
#...#...#....#.##
##.#............#
###.........#.##


You could see an acid blob (inner flame), a rockslime (inner flame) and a
quicksilver ooze.

Vanquished Creatures
  Bai Suzhen (Shoals:3)
  Vashnia (Snake:2)
  Jorgrun (Shoals:1)
  7 acid blobs
  2 quicksilver dragons (Snake:4)
  A kraken (Shoals:4)
  Kirke (Snake:4)
  An azure jelly (shapeshifter) (D:11)
  Agnes (D:15)
  8 nagarajas
  3 rockslimes
  8 azure jellies
  The ghost of Ronstob the Unseen, an adept KoBr of Fedhas (Snake:3)
  A frost giant (Shoals:4)
  An ironbound preserver (D:14)
  An orc warlord (Orc:2)
  A quicksilver ooze (Slime:3)
  A stone giant (D:15)
  The ghost of Endbringerleviathan the Arsonist, a journeyman NaFE of Gozag (Lair:4)
  39 slime creatures
  12 merfolk impalers
  2 great orbs of eyes
  Snorg (Lair:5)
  A fire dragon (Lair:5)
  5 merfolk javelineers (Shoals:4)
  Fannar (D:12)
  2 salamander tyrants (Snake:3)
  10 hydras
  2 catoblepae
  2 ogre magi (D:12)
  A rakshasa (D:14)
  The ghost of Jethros the Covert, a journeyman VSBr of Wu Jian (D:12)
  4 alligator snapping turtles
  7 boulder beetles
  9 centaur warriors
  2 two-headed ogres
  3 satyrs
  5 merfolk aquamancers
  6 anacondas
  A death knight (D:12)
  3 tengu warriors
  16 death yaks
  17 naga warriors
  8 naga sharpshooters
  An orc high priest (Orc:2)
  7 shock serpents
  Urug (Orc:2)
  2 skysharks
  Amaemon (Lair:1)
  7 skeletal warriors (D:11)
  4 salamander mystics
  2 naga ritualists
  25 sea snakes
  Pikel (D:5)
  2 bog bodies (IceCv)
  A flayed ghost (D:12)
  A glowing orange brain (Slime:3)
  A lindwurm (Lair:5)
  2 phantasmal warriors
  A wizard (D:14)
  4 orc knights
  3 orc sorcerers (Orc:2)
  4 deep elf pyromancers
  26 harpies
  An oklob plant (Lair:1)
  9 mana vipers
  2 moths of wrath (Snake:3)
  9 cyclopes
  6 shining eyes
  4 ugly things
  15 manticores
  18 fauns
  21 salamanders
  An elephant (shapeshifter) (D:14)
  A guardian serpent (shapeshifter) (D:13)
  9 merfolk sirens
  7 water nymphs
  10 guardian serpents
  6 elephants (Lair:5)
  17 naga magi
  52 black mambas
  3 molten gargoyles (Lair:5)
  An ice statue (IceCv)
  An orange demon (Lair:1)
  A gargoyle (D:12)
  A torpor snail (Lair:5)
  11 cane toads
  Maggie (D:7)
  A kobold demonologist (D:14)
  3 rime drakes
  15 komodo dragons
  4 tengu conjurers
  3 efreet
  A freezing wraith (D:13)
  A yaktaur (D:13)
  Psyche (D:12)
  An anaconda simulacrum (IceCv)
  3 ice devils
  24 merfolk
  6 wind drakes
  A polar bear (Lair:5)
  Prince Ribbit (D:9)
  4 trolls
  A hornet (D:12)
  Grinder (D:5)
  9 blink frogs
  A wolf spider simulacrum (D:15)
  7 dancing weapons
  13 snapping turtles
  Sigmund (D:2)
  A centaur simulacrum (D:15)
  31 yaks
  6 water elementals
  A human (Snake:4)
  3 shadows
  4 wraiths
  9 wyverns
  3 basilisks
  4 steam dragons
  A hog (Snake:4)
  A redback (D:13)
  10 vampire mosquitoes
  Menkaure (D:4)
  A harpy simulacrum (IceCv)
  36 nagas
  7 death yak simulacra (IceCv)
  29 water moccasins
  A hydra simulacrum (IceCv)
  3 wargs (Orc:2)
  A floating eye (Slime:5)
  4 hell hounds (Lair:5)
  14 orc warriors
  A sky beast (D:6)
  An ice beast (D:7)
  3 black bears
  10 centaurs
  6 ogres
  A boggart (D:12)
  9 wolves
  A lemure (D:5)
  Blork the orc (D:5)
  A kobold brigand (D:9)
  7 bullfrogs
  2 gnoll sergeants
  3 scorpions
  A two-headed ogre simulacrum (IceCv)
  5 wights (D:8)
  4 elephant simulacra (IceCv)
  4 howler monkeys
  9 electric eels
  5 lava snakes (Lair:5)
  4 crimson imps (D:3)
  4 hounds
  10 orc priests
  9 jellies
  3 sleepcaps
  Ijyb (D:5)
  2 gnoll boudas
  21 orc wizards
  5 iguanas
  7 hell rats (Lair:1)
  5 spriggan simulacra (IceCv)
  3 polar bear simulacra (IceCv)
  6 troll simulacra (IceCv)
  5 wolf simulacra (IceCv)
  A mummy (D:6)
  11 adders
  19 gnolls
  5 naga simulacra (IceCv)
  2 shadow imps (D:6)
  5 white imps
  7 ufetubi
  2 dart slugs
  44 orcs
  A bat (shapeshifter) (D:11)
  23 endoplasms
  2 giant cockroaches
  8 goblins
  9 hobgoblins
  2 jackals (D:1)
  4 quokkas
  10 ball pythons
  8 bats
  3 frilled lizards
  10 kobolds
  6 rats
  A snaplasher vine (Slime:3)
  A tentacle (Shoals:4)
1121 creatures vanquished.

Vanquished Creatures (collateral kills)
  Louise (Shoals:2)
  A merfolk impaler (Shoals:4)
  A merfolk javelineer (Shoals:1)
  A great orb of eyes (Slime:4)
  A salamander tyrant (Snake:2)
  2 centaur warriors
  A merfolk aquamancer (Shoals:4)
  A satyr (Shoals:4)
  A boulder beetle (D:12)
  2 naga sharpshooters (Snake:4)
  A shock serpent (Snake:2)
  2 naga ritualists (Snake:1)
  An orc knight (D:12)
  An orc sorcerer (Orc:1)
  A deep elf pyromancer (D:15)
  A cyclops (Shoals:4)
  2 fauns
  4 salamanders
  3 elephants (Lair:5)
  4 merfolk sirens
  4 naga magi
  A troll (Orc:2)
  A merfolk (Shoals:4)
  6 slime creatures
  A water elemental (Shoals:2)
  7 nagas
  An orc warrior (Orc:2)
  A centaur (D:15)
  An electric eel (Snake:2)
  2 orc priests (Orc:1)
  An orc (Orc:1)
58 creatures vanquished.

Vanquished Creatures (others)
  A frost giant (Shoals:4)
  A centaur warrior (D:15)
  A merfolk aquamancer (Shoals:4)
  A harpy (Shoals:4)
  A manticore (Shoals:4)
  27 dancing weapons
  A human (Snake:4)
  223 fulminant prisms
  45 fungi
  174 plants
  3 tentacles (Shoals:4)
478 creatures vanquished.

Grand Total: 1657 creatures vanquished

Notes
Turn   | Place    | Note
-------+----------+-------------------------------------------
     0 | D:1      | PiratePeteNZ the Draconian Conjurer began the quest for the
                  | Orb.
     0 | D:1      | Reached XP level 1. HP: 14/14 MP: 3/3
   251 | D:1      | Reached XP level 2. HP: 20/20 MP: 1/5
   800 | D:1      | Reached XP level 3. HP: 26/26 MP: 4/6
   803 | D:1      | Learned a level 2 spell: Searing Ray
  1107 | D:2      | Noticed Sigmund
  1118 | D:1      | Reached skill level 1 in Fighting
  1173 | D:2      | Killed Sigmund
  1174 | D:2      | Reached skill level 5 in Conjurations
  1174 | D:2      | Reached XP level 4. HP: 35/35 MP: 3/8
  1174 | D:2      | Reached XP level 5. HP: 40/40 MP: 3/9
  1249 | D:2      | Reached skill level 1 in Short Blades
  1936 | D:3      | Found a shimmering altar of Xom.
  1942 | D:3      | Reached XP level 6. HP: 45/48 MP: 5/10
  2462 | D:3      | Found Kompyem's Distillery.
  2467 | D:3      | Bought a potion of curing for 36 gold pieces
  2467 | D:3      | Bought a potion of might for 48 gold pieces
  2694 | D:3      | Learned a level 4 spell: Fulminant Prism
  2699 | D:3      | Learned a level 4 spell: Iskenderun's Mystic Blast
  2775 | D:4      | Your scales start taking on a dull iron-grey colour.
  2775 | D:4      | Reached XP level 7. HP: 53/53 MP: 2/12
  3038 | D:4      | Found Nudoel's Lightly-Used Armoury.
  3173 | D:4      | Found a staircase to the Ecumenical Temple.
  3190 | Temple   | Entered the Ecumenical Temple
  3412 | Temple   | Became a worshipper of Qazlal Stormbringer
  3637 | D:4      | Noticed Menkaure
  3644 | D:4      | Killed Menkaure
  4250 | D:5      | Entered Level 5 of the Dungeon
  4291 | D:5      | Noticed Grinder
  4298 | D:5      | Reached skill level 5 in Spellcasting
  4298 | D:5      | Reached XP level 8. HP: 61/61 MP: 0/15
  4300 | D:5      | Paralysed by Grinder for 5 turns
  4409 | D:5      | Killed Grinder
  4410 | D:5      | Reached skill level 1 in Staves
  4629 | D:5      | Reached * piety under Qazlal
  4642 | D:5      | Identified the +2 war axe "Kydekho" {heavy, *Corrode rPois
                  | rC- Dex+4}
  4800 | D:5      | Found a blossoming altar of Fedhas.
  4809 | D:5      | Found a hide-covered altar of Uskayaw.
  4988 | D:5      | Noticed Blork the orc
  5005 | D:5      | Killed Blork the orc
  5113 | D:5      | Found a shadowy altar of Dithmenos.
  5167 | D:5      | Noticed Ijyb
  5173 | D:5      | Noticed Pikel
  5175 | D:5      | Killed Ijyb
  5186 | D:5      | Killed Pikel
  5187 | D:5      | Reached skill level 1 in Axes
  5187 | D:5      | Reached skill level 5 in Dodging
  5187 | D:5      | Reached XP level 9. HP: 59/67 MP: 13/18
  5707 | D:6      | Found a snail-covered altar of Cheibriados.
  6138 | D:6      | Learned a level 3 spell: Hailstorm
  6821 | D:7      | Noticed Maggie
  6834 | D:7      | Killed Maggie
  7069 | D:7      | Reached XP level 10. HP: 74/74 MP: 16/21
  7297 | D:7      | Found a burning altar of Makhleb.
  7297 | D:7      | Noticed a cacodemon
  7519 | D:7      | Found an opulent altar of Gozag.
  7810 | D:8      | Noticed BigFatTexta's ghost (novice GrFi)
  7811 | D:8      | Found a transporter.
  7811 | D:8      | Identified the +5 great mace "Heghyor Fesa" {heavy, Str+6}
  7828 | D:8      | Found a sacrificial altar of Ru.
  8150 | D:8      | Reached ** piety under Qazlal
  8465 | D:8      | Found a staircase to the Lair.
  8512 | D:8      | Reached skill level 1 in Invocations
  9091 | D:9      | Found a bloodstained altar of Trog.
  9146 | D:9      | Learned a level 3 spell: Tukima's Dance
  9387 | D:9      | Reached skill level 1 in Evocations
  9849 | D:9      | Reached skill level 1 in Translocations
 10141 | D:9      | Noticed Prince Ribbit
 10150 | D:9      | Killed Prince Ribbit
 10398 | D:10     | Entered Level 10 of the Dungeon
 10783 | D:10     | Learned a level 4 spell: Olgreb's Toxic Radiance
 10790 | D:10     | Noticed a two-headed ogre
 10802 | D:10     | Killed a two-headed ogre
 10803 | D:10     | Reached skill level 10 in Conjurations
 10803 | D:10     | Reached skill level 1 in Hexes
 10803 | D:10     | Reached skill level 1 in Ice Magic
 11692 | Lair:1   | Entered Level 1 of the Lair of Beasts
 11720 | Lair:1   | Noticed an oklob plant
 11723 | Lair:1   | Reached *** piety under Qazlal
 11738 | Lair:1   | Noticed a cane toad
 11739 | Lair:1   | Killed an oklob plant
 11746 | Lair:1   | Killed a cane toad
 11747 | Lair:1   | Reached XP level 11. HP: 76/81 MP: 7/23
 12021 | Lair:1   | Noticed Amaemon
 12044 | Lair:1   | Killed Amaemon
 12251 | Lair:1   | Gained mutation: You are agile. (Dex +4, Str/Int -1)
                  | [potion of mutation]
 12251 | Lair:1   | Gained mutation: You have hidden genetic defects. [potion
                  | of mutation]
 12251 | Lair:1   | Gained mutation: You are vulnerable to cold. (rC-) [potion
                  | of mutation]
 12251 | Lair:1   | Gained mutation: Your natural rate of healing is unusually
                  | fast. [potion of mutation]
 12252 | Lair:1   | Lost mutation: Your natural rate of healing is unusually
                  | fast. [potion of mutation]
 12252 | Lair:1   | Lost mutation: You have hidden genetic defects. [potion of
                  | mutation]
 12252 | Lair:1   | Gained mutation: You are very agile. (Dex +8, Str/Int -2)
                  | [potion of mutation]
 12252 | Lair:1   | Gained mutation: Your mind is acute. (Int +4, Str/Dex -1)
                  | [potion of mutation]
 12252 | Lair:1   | Gained mutation: Your large and strong wings let you fly.
                  | [potion of mutation]
 12253 | Lair:1   | Lost mutation: You are very agile. (Dex +8, Str/Int -2)
                  | [potion of mutation]
 12253 | Lair:1   | Lost mutation: You are agile. (Dex +4, Str/Int -1) [potion
                  | of mutation]
 12253 | Lair:1   | Gained mutation: You sometimes lose your temper in combat.
                  | [potion of mutation]
 12253 | Lair:1   | Lost mutation: You are vulnerable to cold. (rC-) [potion of
                  | mutation]
 12253 | Lair:1   | Gained mutation: Your spells are a little harder to cast,
                  | but a little more powerful. [potion of mutation]
 12253 | Lair:1   | Lost mutation: You sometimes lose your temper in combat.
                  | [potion of mutation]
 12702 | Lair:1   | Identified the +0 robe "Rixt" {Harm rElec Will+ Int-5}
 13034 | Lair:2   | Reached skill level 1 in Shields
 13376 | Lair:2   | Found a staircase to the Shoals.
 13718 | Lair:2   | Reached **** piety under Qazlal
 13958 | Lair:2   | Noticed a five-headed hydra
 13966 | Lair:2   | Killed a five-headed hydra
 14855 | Lair:2   | Found the +8 whip "Snakebite" {venom, curare, rPois}
 15081 | Lair:3   | Reached XP level 12. HP: 70/88 MP: 12/25
 15264 | Lair:3   | Reached skill level 5 in Invocations
 15559 | Lair:3   | Reached skill level 1 in Poison Magic
 15574 | Lair:3   | Noticed a six-headed hydra
 15581 | Lair:3   | Killed a six-headed hydra
 15677 | Lair:3   | Reached skill level 5 in Translocations
 15943 | Lair:3   | Found a staircase to the Snake Pit.
 15985 | Lair:3   | Reached skill level 10 in Spellcasting
 16064 | Lair:3   | You are sucked into a shaft and drop 1 floor!
 16072 | Lair:4   | Noticed a death yak
 16081 | Lair:4   | Killed a death yak
 16240 | Lair:4   | Reached skill level 5 in Evocations
 16352 | Lair:4   | Reached ***** piety under Qazlal
 16433 | Lair:4   | Found a frozen archway.
 16464 | IceCv    | Entered an ice cave
 16564 | IceCv    | Reached skill level 1 in Maces & Flails
 16902 | IceCv    | Reached skill level 5 in Ice Magic
 17062 | IceCv    | Identified the +9 broad axe "Sofiher" {flame, rElec rPois
                  | Dex-4}
 17150 | IceCv    | Reached XP level 13. HP: 56/93 MP: 21/27
 17507 | Lair:4   | Found a runed translucent door.
 17508 | Lair:4   | Noticed Endbringerleviathan's ghost (journeyman NaFE)
 17517 | Lair:4   | Killed Endbringerleviathan's ghost
 17524 | Lair:4   | Reached skill level 5 in Hexes
 17528 | Lair:4   | Identified the +8 plate armour of Kezxujoa {Drain rN+ rCorr
                  | Dex+3}
 18613 | Lair:5   | Entered Level 5 of the Lair of Beasts
 19155 | Lair:5   | Noticed Snorg
 19164 | Lair:5   | Killed Snorg
 19763 | Lair:4   | Learned a level 2 spell: Blink
 19768 | Lair:4   | Learned a level 4 spell: Cause Fear
 19942 | Lair:5   | Reached XP level 14. HP: 100/100 MP: 8/29
 20081 | Lair:5   | Found a viscous altar of Jiyva.
 20083 | Lair:5   | Found a staircase to the Slime Pits.
 20483 | Lair:5   | Found a large runed translucent door.
 20484 | Lair:5   | Found a large runed translucent door.
 21067 | Lair:5   | Identified the ring of No Interval {*Slow +Blink Will+
                  | Int+6}
 21138 | Lair:5   | Learned a level 9 spell: Chain Lightning
 21614 | D:11     | Reached ****** piety under Qazlal
 21734 | D:11     | Reached skill level 1 in Air Magic
 22129 | D:11     | Noticed a storm dragon
 22142 | D:11     | a storm dragon changed into an azure jelly
 22142 | D:11     | Noticed an azure jelly (glowing shapeshifter)
 22145 | D:11     | Killed an azure jelly
 22734 | D:12     | Noticed Fannar
 22741 | D:12     | Killed Fannar
 22741 | D:12     | Noticed Psyche
 22747 | D:12     | Killed Psyche
 23140 | D:12     | Found a runed translucent gate.
 23140 | D:12     | Found a runed translucent gate.
 23140 | D:12     | Found a runed translucent gate.
 23142 | D:12     | Found an opulent altar of Gozag.
 23142 | D:12     | Noticed Jethros's ghost (journeyman VSBr)
 23201 | D:12     | Reached XP level 15. HP: 76/107 MP: 21/31
 23496 | D:12     | Found Xuschaw's Assorted Antiques.
 23903 | D:12     | Found a staircase to the Orcish Mines.
 24224 | D:12     | Killed Jethros's ghost
 24362 | Orc:1    | Entered Level 1 of the Orcish Mines
 24658 | Orc:2    | Entered Level 2 of the Orcish Mines
 24710 | Orc:2    | Found a staircase to the Elven Halls.
 25192 | Orc:2    | Noticed Urug
 25202 | Orc:2    | Killed Urug
 25314 | Orc:2    | Found Vure's Jewellery Boutique.
 25456 | Orc:2    | Found Garul's Antique Armour Boutique.
 25484 | Orc:2    | Found Bothrij's General Store.
 25519 | Orc:2    | Found Wyikhiam's Antique Weapon Boutique.
 27668 | D:14     | Found a gate to the Vaults.
 27731 | D:14     | Found an iron altar of Okawaru.
 28026 | D:15     | Entered Level 15 of the Dungeon
 28039 | D:15     | Reached XP level 16. HP: 116/116 MP: 23/33
 28091 | D:15     | Noticed Agnes
 28105 | D:15     | Killed Agnes
 28155 | D:15     | Reached skill level 5 in Air Magic
 28603 | D:15     | Found a staircase to the Depths.
 29391 | Shoals:1 | Entered Level 1 of the Shoals
 29743 | Shoals:1 | Noticed Jorgrun
 29770 | Shoals:1 | Killed Jorgrun
 31967 | Shoals:2 | Noticed Louise
 31983 | Shoals:2 | Killed Louise
 32581 | Shoals:3 | Noticed Bai Suzhen
 32618 | Shoals:3 | Killed Bai Suzhen
 32619 | Shoals:3 | Reached skill level 10 in Invocations
 33172 | Shoals:3 | Reached XP level 17. HP: 116/122 MP: 27/35
 33776 | Shoals:4 | Entered Level 4 of the Shoals
 35025 | Shoals:4 | Found Zuizerr's Gadget Gallery.
 35324 | Shoals:4 | Reached skill level 15 in Spellcasting
 35785 | Shoals:4 | Reached skill level 15 in Conjurations
 36278 | Shoals:4 | Got a barnacled rune of Zot
 36368 | Shoals:4 | Noticed a kraken
 36374 | Shoals:4 | Killed a kraken
 36824 | Snake:1  | Entered Level 1 of the Snake Pit
 38733 | Snake:1  | Learned a level 5 spell: Arcjolt
 38886 | Snake:2  | Reached XP level 18. HP: 94/129 MP: 1/37
 40028 | Snake:2  | Noticed Vashnia
 40062 | Snake:2  | Killed Vashnia
 41287 | Snake:2  | Learned a level 3 spell: Swiftness
 41812 | Snake:3  | Found a transporter.
 41822 | Snake:3  | Noticed Ronstob's ghost (adept KoBr)
 41829 | Snake:3  | Found a transporter.
 42136 | Snake:3  | Found a radiant altar of Vehumet.
 42512 | Snake:3  | Reached skill level 5 in Shields
 42557 | Snake:3  | Killed Ronstob's ghost
 42588 | Snake:3  | Identified the ring "Vesups" {Fire Fly rN+ Will-}
 42653 | Snake:4  | Entered Level 4 of the Snake Pit
 42899 | Snake:4  | Noticed Kirke
 42908 | Snake:4  | Killed Kirke
 43047 | Snake:4  | Reached XP level 19. HP: 108/136 MP: 29/39
 43226 | Snake:4  | Reached skill level 5 in Maces & Flails
 44228 | Snake:4  | Learned a level 5 spell: Summon Forest
 44337 | Snake:4  | Found a bloodstained altar of Trog.
 44443 | Snake:4  | Got a serpentine rune of Zot
 44668 | Snake:4  | Reached XP level 20. HP: 144/144 MP: 40/40
 44807 | Snake:4  | Found Kuofohame's Firing Range.
 45405 | Slime:1  | Entered Level 1 of the Pits of Slime
 45471 | Slime:1  | Gained mutation: You occasionally lose the ability to read
                  | scrolls when taking damage. [a shining eye]
 45473 | Slime:1  | Gained mutation: Your magical capacity is low. (-10% MP) [a
                  | shining eye]
 45634 | Slime:2  | Reached skill level 10 in Translocations
 45635 | Slime:2  | Lost mutation: Your mind is acute. (Int +4, Str/Dex -1) [a
                  | shining eye]
 45729 | Slime:2  | Reached skill level 5 in Summonings
 46525 | Slime:3  | Gained mutation: You sometimes lose the ability to read
                  | scrolls when taking damage. [a shining eye]
 46528 | Slime:3  | Gained mutation: Your spells are harder to cast, but more
                  | powerful. [a shining eye]
 46688 | Slime:3  | Gained mutation: You are dopey. (Int -2) [a shining eye]
 47492 | Slime:5  | Entered Level 5 of the Pits of Slime
 47727 | Slime:5  | Noticed the Royal Jelly
 47780 | Slime:5  | HP: 6/144 [quicksilver ooze[the Royal Jelly] (4)]
 47782 | Slime:4  | Mangled by a rockslime

Illustrated notes

Levels and vault maps discovered:
D:1:      dpeg_arrival_stonehenge_8_columns, layout_basic
D:2:      layout_rooms, uniq_sigmund
D:3:      layout_rooms, led_xom_imps, serial_shops, nicolae_shop_hallway_stairs
D:4:      layout_loops_ring, minmay_temple_entry_tees, grunt_ministairs_4,
          hangedman_decor_riveting, minmay_shop_damaged, uniq_menkaure
D:5:      layout_rooms, nicolae_overflow_crystal_walls,
          mainiacjoe_overflow_catwalk_spiral,
          minmay_a_box_with_orc_wizards_in_it, uniq_blork_the_orc, uniq_ijyb,
          uniq_pikel, uniq_grinder
D:6:      cheibrodos_iron_armory, layout_loops_ring, slow_altar_1,
          kb_lookout_dungeons_type, patterned_corridor
D:7:      layout_basic, grunt_gozag_statues, makhleb_altar_promises_db,
          uniq_maggie
D:8:      layout_loops_corners, mainiacjoe_overflow_concentric_impassable,
          lair_entry_dummy, gammafunk_ghost_smash
D:9:      layout_loops_corners, mainiacjoe_overflow_tiny_flanked,
          uniq_prince_ribbit1
D:10:     layout_stronghold
D:11:     minmay_sliced_demisemicircle, layout_basic
D:12:     minmay_crescents, layout_basic, david_orc_4, ebering_ghost_gozag,
          serial_shops, shop, uniq_psyche, uniq_fannar
D:13:     hangedman_cross_veins, layout_basic, minmay_misc_feat_hallway,
          minmay_tree_intersection
D:14:     layout_basic, skrybe_vaults_entry_preservation,
          okawaru_metal_pillars_3
D:15:     grunt_enter_depths_snipers, layout_irregular_city, serial_rivers,
          chequers_serial_rivers_small_3, chequers_serial_rivers_small_b,
          chequers_serial_rivers_large_a, chequers_serial_rivers_micro_c,
          chequers_serial_rivers_large_b, chequers_serial_rivers_micro_a,
          chequers_serial_rivers_micro_c, uniq_agnes
Temple:   hellmonk_temple_forest_ring
Lair:1:   lemuel_slime, layout_cave_pods, uniq_amaemon
Lair:2:   minmay_guarded_unrand_snakebite, layout_cave_pods,
          elwin_shoals_entry_rocks, st_stairs_4, serial_bayou_shore_b
Lair:3:   layout_chaotic_city, minmay_snake_entry_six_corridors,
          infiniplex_staircase_pool_2
Lair:4:   nzn_winding_woodlands_cross [nzn_winding_woodlands_5x15_split_checker,
          nzn_winding_woodlands_5x15_pool, nzn_winding_woodlands_5x15_jagged,
          nzn_winding_woodlands_5x15_sidewinder,
          nzn_winding_woodlands_15x15_killbox], layout_small_grid,
          ebering_ghost_inner_flame, portal_ice_cave_demonic_guard,
          infiniplex_staircase_pool
Lair:5:   cheibrodos_lair_end_hotspot, layout_regular_city, slime_entry_1,
          uniq_snorg
Shoals:1: layout_shoals, nicolae_shoals_circle_sea_wall,
          nicolae_shoals_lost_giant_hut, uniq_jorgrun
Shoals:2: layout_shoals, nicolae_shoals_hidden_pirate_stash, uniq_louise
Shoals:3: layout_shoals, uniq_bai_suzhen
Shoals:4: shoals_end_grunt_ice, layout_shoals, nicolae_shop_gadgets
Snake:1:  layout_basic
Snake:2:  layout_chambers, serial_bayou, serial_bayou_ford_a,
          serial_bayou_shore_b, serial_bayou_shore_b, serial_bayou_lake_a,
          nicolae_snake_springs, uniq_vashnia
Snake:3:  nicolae_snake_hallway, layout_honeycomb, basic_altar,
          gammafunk_ghost_berserking_beasts
Snake:4:  hellmonk_snake_rune_quicksilver_temple, layout_grid_shapes,
          basic_altar, nicolae_shop_firing_range, serial_bayou_shore_a,
          uniq_kirke
Slime:1:  layout_caves
Slime:2:  layout_caves
Slime:3:  layout_caves, nicolae_slime_crime_time
Slime:4:  layout_caves
Slime:5
Orc:1:    layout_caves, serial_shops, shop
Orc:2:    grunt_orc_cross, layout_caves

Skill      XL: |  1  2  3  4  5  6  7  8  9 10 11 12 13 14 15 16 17 18 19 20 |
---------------+-------------------------------------------------------------+-----
Dodging        | 2 3 5 6 7 8 |  8.9
Fighting       | 1 2 3 4 |  4.5
Stealth        | 2 3 4 |  4.5
Conjurations   | 5 6 7 8 9 10 11 12 13 14 15 16 | 16.1
Short Blades   | 1 |  1.6
Spellcasting   | 3 5 6 7 8 9 10 11 12 13 14 15 16 | 16.7
Staves         | 1 |  1.1
Axes           | 1 4 |  4.9
Invocations    | 3 4 6 7 10 12 14 | 14.9
Evocations     | 2 4 5 6 7 8 |  8.2
Translocations | 2 4 6 7 8 9 10 | 10.1
Hexes          | 1 3 4 6 7 8 9 |  9.8
Ice Magic      | 2 4 5 6 7 |  7.7
Shields        | 1 2 3 4 5 |  5.3
Poison Magic   | 1 3 4 |  4.6
Maces & Flails | 1 2 3 4 5 |  5.5
Air Magic      | 2 4 6 8 9 |  9.9
Summonings     | 4 5 |  5.6

Action                     |  1- 3 |  4- 6 |  7- 9 | 10-12 | 13-15 | 16-18 | 19-21 || total
---------------------------+-------+-------+-------+-------+-------+-------+-------++-------
  Melee: Dagger            |    17 |       |       |       |       |       |       ||    17
         Tailslap          |     2 |     2 |     9 |    18 |    31 |    67 |    23 ||   152
         Punch             |     1 |       |     1 |     3 |     3 |       |       ||     8
         Staff             |     1 |    16 |    36 |    89 |    10 |     3 |     1 ||   156
         War axe           |       |       |    27 |    13 |       |       |       ||    40
         Whip              |       |       |       |    55 |   168 |   296 |   102 ||   621
         Broad axe         |       |       |       |       |    12 |    21 |       ||    33
   Cast: Magic Dart        |    59 |    95 |   178 |   431 |   430 |   378 |    70 ||  1641
         Searing Ray       |     1 |     6 |    36 |    31 |    35 |    35 |    11 ||   155
         Iskenderun's Myst |       |       |     2 |    82 |   159 |   274 |    75 ||   592
         Fulminant Prism   |       |       |       |    25 |    69 |    93 |    36 ||   223
         Hailstorm         |       |       |       |     6 |    81 |   111 |    28 ||   226
         Olgreb's Toxic Ra |       |       |       |     2 |    21 |    19 |       ||    42
         Tukima's Dance    |       |       |       |       |    22 |   173 |    20 ||   215
         Arcjolt           |       |       |       |       |       |     2 |       ||     2
         Blink             |       |       |       |       |       |     1 |       ||     1
         Cause Fear        |       |       |       |       |       |     1 |       ||     1
         Summon Forest     |       |       |       |       |       |       |     2 ||     2
 Invoke: Elemental Force   |       |       |       |       |     4 |     5 |     1 ||    10
         Upheaval          |       |       |       |       |       |     1 |     1 ||     2
         Disaster Area     |       |       |       |       |       |     1 |       ||     1
Ability: Evoke Blink       |       |       |       |       |       |       |     1 ||     1
  Evoke: Piece from Xom's  |       |       |       |       |     7 |       |     1 ||     8
         Wand              |       |       |       |       |    43 |    18 |     3 ||    64
         Phantom mirror    |       |       |       |       |     2 |     2 |       ||     4
         Box of beasts     |       |       |       |       |     1 |     1 |       ||     2
         Lightning rod     |       |       |       |       |     5 |    13 |       ||    18
         Condenser vane    |       |       |       |       |     1 |     2 |       ||     3
         Phial of floods   |       |       |       |       |     1 |     1 |       ||     2
    Use: Potion            |       |     1 |     1 |     5 |     2 |     8 |     3 ||    20
         Scroll            |       |       |       |    10 |    18 |    12 |     1 ||    41
   Stab: Distracted        |       |       |       |       |       |     2 |       ||     2
         Paralysed         |       |       |       |       |       |     1 |       ||     1
 Armour: Skin              |     4 |     8 |    74 |    78 |   103 |   190 |    71 ||   528
  Dodge: Dodged            |    29 |    28 |   211 |   264 |   257 |   637 |   108 ||  1534
         Repelled          |       |       |       |     4 |     4 |    51 |    19 ||    78
  Block: Other             |       |       |     3 |    74 |   121 |       |       ||   198
         Orb               |       |       |       |       |       |   255 |    61 ||   316
